 Dungeon Crawl Stone Soup version 0.26-a0-1021-gda264ca44c (webtiles) character file.

Game seed: 6409717375468136767

56 jiml777 the Gusty (level 3, -6/19 HPs)
             Began as a Deep Elf Air Elementalist on Dec 8, 2020.
             Mangled by Crazy Yiuf
             ... wielding a +2 quarterstaff of chaos
              (16 damage)
             ... on level 2 of the Dungeon.
             The game lasted 00:11:22 (2088 turns).

jiml777 the Gusty (Deep Elf Air Elementalist)       Turns: 2088, Time: 00:11:23

Health: -6/19      AC:  3    Str:  5    XL:     3   Next: 69%
Magic:  7/10       EV: 13    Int: 20    God:
Gold:   91         SH:  0    Dex: 15    Spells: 8/9 levels left

rFire    . . .     SeeInvis .   i - +0 short sword (vamp)
rCold    . . .     Faith    .   (no shield)
rNeg     . . .     Spirit   .   a - +0 robe
rPois    .         Reflect  .   (no helmet)
rElec    .         Harm     .   (no cloak)
rCorr    .         Rampage  .   j - +0 pair of gloves
Will     .....                  (no boots)
Stlth    ++........             g - amulet of inaccuracy (curse)
HPRegen  0.06/turn              (no ring)
MPRegen  0.12/turn              (no ring)

@: no status effects
A: no striking features
a: no special abilities


You were on level 2 of the Dungeon.
You visited 1 branch of the dungeon, and saw 2 of its levels.

You collected 91 gold pieces.

Inventory:

Hand Weapons
 e - a +1 dagger
 i - a +0 vampiric short sword (weapon)
Armour
 a - a +0 robe (worn)
 j - a +0 pair of gloves (worn)
Jewellery
 f - an uncursed amulet of the acrobat
 g - a cursed amulet of inaccuracy (around neck)
Wands
 c - a wand of flame (22)
Potions
 b - a potion of berserk rage
 d - 6 potions of curing
 h - a potion of mutation


   Skills:
 + Level 2.5 Dodging
 + Level 2.7 Stealth
 + Level 3.8 Spellcasting
 + Level 1.7 Conjurations
 + Level 3.8 Air Magic
 * Level 0.2 Evocations


You had 8 spell levels left.
You knew the following spells:

 Your Spells              Type           Power        Failure   Level
a - Shock                 Conj/Air       ###.         4%          1

Your spell library contained the following spells:

 Spells                   Type           Power        Failure   Level
 Swiftness                Air            ###.....     4%          2
 Static Discharge         Conj/Air       ###.....     12%         3
 Airstrike                Air            ###.......   26%         4
 Lightning Bolt           Conj/Air       ###.......   75%         5


Dungeon Overview and Level Annotations

Branches:
Dungeon (2/15)

Altars:
Elyvilon
Yredelemnul

Annotations:
D:2 Crazy Yiuf


Message History

Confirm with . or Enter, or press ? or * to list all spells.
Aiming: Shock (safe; 4% risk of failure)
Press: ? - help, Shift-Dir - straight line, p - Crazy Yiuf The zap hits Crazy Yiuf.
Crazy Yiuf is moderately wounded.
The zap hits Crazy Yiuf.
Crazy Yiuf is heavily wounded.
Crazy Yiuf barely misses you.
Casting: Shock (safe; 4% risk of failure)
Confirm with . or Enter, or press ? or * to list all spells.
Aiming: Shock (safe; 4% risk of failure)
Press: ? - help, Shift-Dir - straight line The zap hits Crazy Yiuf but does no damage.
Crazy Yiuf is heavily wounded.
The zap misses Crazy Yiuf.
Crazy Yiuf yells, "Announcement rumpyflump cloud!"
Crazy Yiuf hits you with a +2 quarterstaff of chaos!
You are electrocuted!
Ouch! That really hurt!
You die...

..♣#.....## #......#
..♣##.....## #.#.####
♣..♣#.....[###...)##
#♣..#......'.......#
♣#♣......###########
.♣#......#
.♣#......#######
.♣#.....#.#.)#)### ###
.♣#...'#.....)#)@##)))#
♣♣#.##.......####g')).#
###.##....#.## ###)))#
#........#### ###
..#.....## ##.#.....#
........## ### ###
.#.#.#.#####.#####.#
#.>..###...........#


You could see Crazy Yiuf.

Vanquished Creatures
  An adder (D:2)
  An ooze (D:1)
  3 dart slugs (D:1)
  A leopard gecko (D:1)
  3 giant cockroaches (D:1)
  4 goblins
  5 hobgoblins (D:1)
  3 jackals (D:1)
  A ball python (D:2)
  2 bats (D:2)
  A frilled lizard (D:1)
  5 kobolds
  3 rats
33 creatures vanquished.

Notes
Turn   | Place    | Note
-------+----------+-------------------------------------------
     0 | D:1      | jiml777 the Deep Elf Air Elementalist began the quest for
                  | the Orb.
     0 | D:1      | Reached XP level 1. HP: 10/10 MP: 6/6
   398 | D:1      | Reached XP level 2. HP: 15/15 MP: 4/8
   980 | D:1      | Reached XP level 3. HP: 19/19 MP: 7/9
  1488 | D:2      | Found a white marble altar of Elyvilon.
  1970 | D:2      | Found a basalt altar of Yredelemnul.
  2025 | D:2      | Noticed a sky beast
  2080 | D:2      | Found a runed translucent door.
  2081 | D:2      | Noticed Crazy Yiuf
  2088 | D:2      | Mangled by Crazy Yiuf

Illustrated notes

Levels and vault maps discovered:
D:1:      dpeg_arrival_morbid_curiosity, layout_basic
D:2:      layout_loops_corners, kennysheep_ying_yang,
          chequers_temple_overflow_minitemple, chequers_serial_rivers_small_3,
          uniq_crazy_yiuf_cottage

Action                   || total
-------------------------++-------
 Cast: Shock             ||    75
  Use: Scroll            ||     5
       Potion            ||     1
Armor: Robe              ||     4
Dodge: Dodged            ||    23

Table legend: (Time is in decaauts)
 A = Elapsed time spent in this place.
 B = Non-inter-level travel time spent in this place.
 C = Inter-level travel time spent in this place.
 D = Time resting spent in this place.
 E = Time spent auto-exploring this place.
 F = Levels seen in this place.
 G = Mean time per level.
                   A        B        C        D        E       F      G
               +--------+--------+--------+--------+--------+-----+--------+
         Total |   2086 |   2073 |     13 |    678 |    956 |   2 | 1043.0 |
       Dungeon |   2086 |   2073 |     13 |    678 |    956 |   2 | 1043.0 |
               +--------+--------+--------+--------+--------+-----+--------+

Top non-repeatable levels by time:
     D:1: 1414 daAuts
     D:2: 672 daAuts
